 Seeded DCSS version 0.29.1-15-g9cfb28693d (webtiles) character file.

Game seed: 10786124958312911374 (custom seed)

473 bmack86 the Chopper (level 6, -1/56 HPs)
             Began as a Minotaur Fighter on Mar 1, 2023.
             Slain by a gnoll
             ... wielding a +0 whip
              (2 damage)
             ... on level 3 of the Dungeon.
             The game lasted 00:05:27 (2050 turns).

bmack86 the Chopper (Minotaur Fighter)              Turns: 2050, Time: 00:05:30

Health: -1/56      AC:  8    Str: 23    XL:     6   Next: 84%
Magic:  5/5        EV:  9    Int:  5    God:
Gold:   64         SH:  4    Dex:  9    Spells: 5/5 levels left

rFire   . . .      SeeInvis +   s - +14 obsidian axe {vorpal, Mesm Drain Fly SInv}
rCold   . . .      Faith    .   c - +0 buckler
rNeg    . . .      Spirit   .   b - +0 scale mail
rPois   .          Reflect  .   (helmet restricted)
rElec   .          Harm     .   (no cloak)
rCorr   .          Rampage  .   (no gloves)
Will    .....                   i - +0 pair of boots
Stlth   ..........              (no amulet)
HPRegen 0.18/turn               (no ring)
MPRegen 0.09/turn               (no ring)

@: flying, mesmerised
A: horns 2, retaliatory headbutt
a: no special abilities


You were on level 3 of the Dungeon.
You visited 1 branch of the dungeon, and saw 3 of its levels.

You collected 64 gold pieces.

Inventory:

Hand Weapons
 a - a +0 war axe
 s - the +14 obsidian axe (weapon) {vorpal, Mesm Drain Fly SInv}
   (You found it on level 2 of the Dungeon)

   It inflicts extra damage upon your enemies.
   It occasionally summons demons to assist the wielder when it strikes in
   combat.
   Its wielder is mesmerised by any visible foes.
   It cannot be unequipped while any foes are visible.
   SInv:      It lets you see invisible.
   Fly:       It grants you flight.
   Drain:     It drains your maximum health when unequipped.
Armour
 b - a +0 scale mail (worn)
 c - a +0 buckler (worn)
 i - a +0 pair of boots (worn)
Scrolls
 e - 2 scrolls of poison
 f - a scroll of fear {unknown}
 j - a scroll of noise {unknown}
 n - a scroll of enchant weapon {unknown}
 o - a scroll of summoning {unknown}
 p - 2 scrolls of blinking {unknown}
 r - a scroll of vulnerability {unknown}
Potions
 d - a potion of brilliance {unknown}
 g - a potion of ambrosia
 h - 2 potions of resistance
 k - 2 potions of curing {unknown}
 l - a potion of invisibility
 m - 2 potions of berserk rage
 q - 3 potions of lignification {unknown}


   Skills:
 + Level 5.2 Fighting
 * Level 5.9 Axes
 + Level 5.3 Armour
 + Level 5.2 Shields


You had 5 spell levels left.
You didn't know any spells.
Your spell library contained the following spells:

 Spells                   Type           Power      Damage    Failure   Level
 Freeze                   Ice            0%         1d3       86%         1
 Frozen Ramparts          Ice            0%         1d1       99%         3
 Hailstorm                Conj/Ice       0%         3d3       100%        4
 Summon Ice Beast         Ice/Summ       0%         N/A       100%        4
 Summon Mana Viper        Hex/Summ       0%         N/A       100%        5
 Monstrous Menagerie      Summ           0%         N/A       100%        7


Dungeon Overview and Level Annotations

Branches:
Dungeon (3/15)

Altars:


Innate Abilities, Weirdness & Mutations

You have a pair of horns on your head.
You reflexively headbutt those who attack you in melee.


Message History

The kobold brigand throws a poisoned dart.
The poisoned dart hits your ufetubus!
Your ufetubus is poisoned.
The orc barely misses your ufetubus.
You swap places.
A gnoll bouda comes into view. It is wielding a +0 club.
Visions of slaying the kobold brigand flood into your mind.
Your ynoxinul gestures.
The orc priest invokes the aid of Beogh against you.
Pain shoots through your body!
* * * LOW HITPOINT WARNING * * *
The gnoll hits you from afar with a +0 spear.
* * * LOW HITPOINT WARNING * * *
The kobold brigand barely misses you. You furiously retaliate!
You headbutt the kobold brigand! The orc closely misses you.
There is an open door here.
Items here: ))))) ††.
You barely miss the orc priest. You barely miss the orc.
You slash the kobold brigand!
The gnoll bouda barks out a call to the hunt!
The gnolls pick up the pace!
The orc hits you but does no damage. The orc priest completely misses you.
You furiously retaliate!
You headbutt the orc priest.
The kobold brigand hits you with a +0 short sword.
* * * LOW HITPOINT WARNING * * *
The gnoll hits you from afar with a +0 spear.
* * * LOW HITPOINT WARNING * * *
You slice the orc priest!!
You kill the orc priest!
You slash the kobold brigand!
You break out of your daze!
You kill the kobold brigand!
You hit the orc but do no damage.
Visions of slaying the orc flood into your mind.
The gnoll hits you from afar with a +0 spear.
* * * LOW HITPOINT WARNING * * *
The orc barely misses you.
Your ynoxinul gestures.
The gnoll hits you with a +0 whip.
You die...

#### .... ..... ..... ..gg
##'g## #####
###...o#######..#..#
..'..gg@3555.'..+
###...o#######..#..#
############''''#############
........................
~≈≈≈≈~~≈≈~~~....~≈~~~~~~
≈≈≈≈≈≈≈≈~≈≈~....~≈≈≈≈~≈≈
~~≈~~~~~~~~~...†~~~~≈~~~
.......).......)........
>......#####...###...##.


You could see a gnoll bouda, 4 gnolls, 2 orcs, a friendly ynoxinul (summoned)
and 3 friendly ufetubi.

Vanquished Creatures
  Sigmund (D:2)
  A kobold brigand (D:3)
  A gnoll sergeant (D:2)
  An orc priest (D:3)
  Terence (D:2)
  14 gnolls
  2 worms (D:2)
  4 dart slugs
  4 orcs (D:3)
  6 endoplasms
  A giant cockroach (D:2)
  5 hobgoblins
  4 jackals (D:3)
  6 kobolds
  2 quokkas
  7 ball pythons
  10 bats
  2 frilled lizards (D:2)
  3 goblins
  4 rats (D:1)
79 creatures vanquished.

Notes
Turn   | Place    | Note
-------+----------+-------------------------------------------
     0 | D:1      | bmack86 the Minotaur Fighter began the quest for the Orb.
     0 | D:1      | Reached XP level 1. HP: 19/19 MP: 0/0
   196 | D:1      | Reached XP level 2. HP: 25/27 MP: 1/1
   372 | D:1      | Reached XP level 3. HP: 22/33 MP: 2/2
  1107 | D:2      | Noticed Sigmund
  1117 | D:2      | Killed Sigmund
  1118 | D:2      | Reached XP level 4. HP: 28/41 MP: 3/3
  1118 | D:2      | Reached XP level 5. HP: 32/47 MP: 4/4
  1459 | D:2      | Reached skill level 5 in Axes
  1490 | D:2      | Noticed Terence
  1499 | D:2      | Killed Terence
  1623 | D:2      | Found the +14 obsidian axe {vorpal, Mesm Drain Fly SInv}
  1628 | D:2      | Reached XP level 6. HP: 45/55 MP: 5/5
  1651 | D:2      | Reached skill level 5 in Armour
  1651 | D:2      | Reached skill level 5 in Shields
  1652 | D:2      | Reached skill level 5 in Fighting
  2050 | D:3      | HP: 1/56 [gnoll/+0 spear (5)]
  2050 | D:3      | Slain by a gnoll

Illustrated notes

Levels and vault maps discovered:
D:1:      shiori_arrival_elements, layout_basic
D:2:      wander_river, layout_basic, pf_guarded_unrand_woodcutter,
          uniq_sigmund, uniq_terence
D:3:      lemuel_castle_with_subvaults [lemuel_castle_interior_original],
          layout_rooms, shapermc_ecumenical_altar_totnotflames

Skill      XL: |  1  2  3  4  5  6 |
---------------+-------------------+-----
Axes           | 3 4 5 |  5.9
Fighting       | 4 5 |  5.2
Armour         | 4 5 |  5.3
Shields        | 4 5 |  5.2

Action                   |  1- 3 |  4- 6 || total
-------------------------+-------+-------++-------
Melee: War axe           |    67 |    50 ||   117
       Headbutt          |     7 |     6 ||    13
       Broad axe         |       |    22 ||    22
  Use: Scroll            |     4 |     1 ||     5
       Potion            |     1 |       ||     1
Armor: Scale mail        |    52 |    33 ||    85
Dodge: Dodged            |    41 |    41 ||    82
Block: Buckler           |    21 |    17 ||    38
